 Dungeon Crawl Stone Soup version bcrawl-1.18.1 (webtiles) character file.

Game seed: 14196138298183455532

8919 Mrkan the Harbinger of Death (level 11, -11/113 HPs)
             Began as a Troll Monk on Nov 5, 2019.
             Was a High Priest of Yredelemnul.
             Mangled by a large slime creature (13 damage)
             ... on level 10 of the Dungeon.
             The game lasted 00:12:32 (7609 turns).

Mrkan the Harbinger of Death (Troll Monk)           Turns: 7609, Time: 00:12:32

Health: -11/113    AC: 12    Str: 21    XL:     11   Next: 16%
Magic:  0/19       EV:  7    Int: 10    God:    Yredelemnul [*****.]
Gold:   1065       SH:  8    Dex: 12    Spells: 10/10 levels left

rFire    . . .     SeeInvis .     - Unarmed
rCold    . . .     Gourm    +   M - +1 shield {reflect}
rNeg     . . .     Faith    .   (armour unavailable)
rPois    .         Spirit   +   a - +0 hat
rElec    .         Reflect  +   u - +2 cloak
rCorr    .         Harm     .   (gloves unavailable)
MR       .....                  (boots unavailable)
Stlth    ++........             b - amulet of guardian spirit
HPRegen  0.68/turn              (no ring)
MPRegen  0.16/turn              (no ring)

@: marked
A: large, almost no armour, unfitting armour, claws 3, fast metabolism 3,
gourmand, regeneration 1, AC +9
a: Recall Undead Slaves, Injury Mirror, Animate Dead, Drain Life, Enslave Soul,
Renounce Religion


You were on level 10 of the Dungeon.
You worshipped Yredelemnul.
Yredelemnul was extremely pleased with you.
You were very full.

You visited 1 branch of the dungeon, and saw 10 of its levels.

You collected 1065 gold pieces.

Inventory:

Hand Weapons
 t - the +6 trident of Obrasuem {flame, *Slow Dex+6, unknown}
   (You found it on level 4 of the Dungeon)

   It has been specially enchanted to burn those struck by it, causing extra
   injury to most foes and up to half again as much damage against particularly
   susceptible opponents.
   It affects your dexterity (+6).
   It may slow you when you take damage.
 E - the cursed +1 hand axe of Jopnon {chop, rElec Int+2, unknown}
   (You found it on level 6 of the Dungeon)

   It inflicts extra damage upon your enemies.
   It affects your intelligence (+2).
   It insulates you from electricity.
   It has a curse placed upon it.
Missiles
 y - 160 silver javelins (quivered)
 D - a throwing net {!f}
 Q - 103 poisoned tomahawks
Armour
 a - a +0 hat (worn)
 l - a +1 cloak
 u - a +2 cloak (worn)
 M - a +1 shield of reflection (worn)
Jewellery
 b - an amulet of guardian spirit (around neck)
 m - an uncursed amulet of rage {unknown}
 n - an uncursed ring of flight {unknown}
Wands
 G - a wand of polymorph (24)
 I - a wand of iceblast (4)
 L - a wand of acid (8)
 O - a wand of flame (47)
Scrolls
 d - a scroll of amnesia {unknown}
 e - 2 scrolls of remove curse {unknown}
 f - 2 scrolls of teleportation {unknown}
 i - 2 scrolls of enchant weapon {unknown}
 p - a scroll of immolation {unknown}
 r - 7 scrolls of identify {unknown}
 v - 4 scrolls of fog {unknown}
 z - a scroll of enchant armour {unknown}
 A - 2 scrolls of summoning {unknown}
 F - 3 scrolls of magic mapping {unknown}
 K - a scroll of fear {unknown}
Potions
 g - a potion of agility {unknown}
 h - 3 potions of heal wounds {unknown}
 j - 2 potions of mutation {unknown}
 k - 2 potions of lignification {unknown}
 o - 4 potions of haste {unknown}
 q - 3 potions of curing {unknown}
 s - a potion of invisibility {unknown}
 w - a potion of brilliance {unknown}
 x - a potion of magic {unknown}
 B - 4 potions of flight {unknown}
 C - 3 potions of cancellation {unknown}
 J - 3 potions of degeneration {unknown}
 N - a potion of resistance {unknown}
Miscellaneous
 H - a lightning rod (4/4)
Comestibles
 c - 21 rations {!d}
 P - 3 chunks of flesh


   Skills:
 + Level 8.9 Fighting
 - Level 2.4 Dodging
 - Level 1.1 Stealth
 - Level 8.1 Unarmed Combat
 * Level 12.1 Invocations


You had 10 spell levels left.
You didn't know any spells.
Your spell library contained the following spells:

 Spells                   Type           Power        Failure   Level  Hunger
 Animate Skeleton         Necr           N/A          95%         1    ##.....
 Magic Dart               Conj           #...         95%         1    ##.....
 Pain                     Necr           #.....       95%         1    ##.....
 Sting                    Conj/Pois      #...         95%         1    ##.....
 Blink                    Tloc           N/A          99%         2    ###....
 Call Imp                 Summ           #.....       99%         2    ###....
 Poisonous Vapours        Pois/Air       #.....       99%         2    ###....
 Conjure Flame            Conj/Fire      #.......     100%        3    ####...
 Ignite Poison            Fire/Tmut/Pois #.......     100%        3    ####...
 Mephitic Cloud           Conj/Pois/Air  #.......     100%        3    ####...
 Regeneration             Chrm/Necr      #.........   100%        3    ####...
 Spider Form              Tmut/Pois      #..          100%        3    ####...
 Vampiric Draining        Necr           #.........   100%        3    ####...
 Animate Dead             Necr           N/A          100%        4    #####..
 Olgreb's Toxic Radiance  Pois           #.......     100%        4    #####..
 Summon Scorpions         Summ/Pois      #.......     100%        4    #####..
 Bolt of Draining         Conj/Necr      #.........   100%        5    ######.
 Venom Bolt               Conj/Pois      #.........   100%        5    ######.


Dungeon Overview and Level Annotations

Branches:
Dungeon (10/12)            Temple (0/1) D:6            Lair (0/6) D:9
    Orc: D:8-11

Altars:
Ashenzari
Cheibriados
Dithmenos
Lugonu
Makhleb
Nemelex Xobeh
Qazlal
Trog
Yredelemnul
Zin

Shops:
D:6 :   D:7 *   D:9 [


Innate Abilities, Weirdness & Mutations

You cannot wear most types of armour.
Your thick skin is tough. (AC +9)
You are too large for most types of armour.
You have claws for hands.
Your metabolism is lightning-fast.
You like to eat raw meat.
Your natural rate of healing is unusually fast.


Message History

Two slime creatures merge to form a large slime creature.
The slime creature barely misses you.
You scratch the large slime creature.
The large slime creature is severely wounded.
You mangle the large slime creature!!
The large slime creature is almost dead.
You block the slime creature's attack. The large slime creature hits you!
* * * LOW HITPOINT WARNING * * *
You claw the slime creature!
The slime creature is severely wounded.
The slime creature completely misses you.
The large slime creature hits you!!
* * * LOW HITPOINT WARNING * * *
You barely miss the slime creature.
The slime creature is severely wounded.
The slime creature hits you.
* * * LOW HITPOINT WARNING * * *
The large slime creature hits you!
You die...
Your body rises from the dead as a mindless zombie.

#....))#.##V## #.#
#.##.###.##z# #.#
#.##.###.##.######
###.#
#.z).....##.##...
...#
#z##.######.##.##
#..# .zz..#
#.#...#####..#
######
#..)..)......# #
####..J#####.## ##
#.....J@# #.# .#
#.##....# #.#### #
##### #.###.#.#
#....##.# #...#
#J# #.#.##
#..#....# .z..#
#)#
#....###....####
#...# #)#
#........#.##
##V## #)#
##...#####.# #.#
#?# ##[## #.# #.#
..# #(# #.#


You could see a large slime creature and a slime creature.

Vanquished Creatures
  A centaur zombie (D:9)
  A troll (D:8)
  Prince Ribbit (D:5)
  2 slime creatures (D:10)
  2 yaks (D:8)
  Menkaure (D:5)
  A water moccasin (D:7)
  An acid dragon (D:10)
  2 orc warriors
  A hornet zombie (D:9)
  A sky beast (D:7)
  2 centaurs
  3 ogres
  A crocodile (D:5)
  Blork the orc (D:4)
  3 big kobolds
  2 bullfrogs
  2 scorpions (D:4)
  3 killer bees (D:7)
  3 wights (D:7)
  6 howler monkeys
  3 crimson imps
  A bullfrog zombie (D:6)
  A quasit (D:7)
  3 centaur skeletons
  A hound (D:6)
  2 orc priests
  4 orc wizards
  A bullfrog skeleton (D:7)
  An iguana (D:4)
  A hound skeleton (D:3)
  8 gnolls
  4 adders
  A shadow imp (D:4)
  An adder skeleton (D:4)
  7 worms
  4 leopard geckos
  26 orcs
  2 bats
  4 giant cockroaches
  7 goblins
  14 hobgoblins
  9 jackals
  5 quokkas
  4 frilled lizards
  7 kobolds
  2 quokka skeletons (D:4)
  4 rats
  A fungus (D:9)
  3 plants (D:9)
171 creatures vanquished.

Vanquished Creatures (collateral kills)
  A centaur warrior (D:9)
  2 tengu warriors (D:10)
  A manticore (D:10)
  A centaur zombie (D:10)
  A troll (D:8)
  A hornet (D:5)
  Sigmund (D:6)
  10 yaks
  A steam dragon (D:7)
  Edmund (D:4)
  A water moccasin (D:9)
  3 porcupines (D:9)
  2 phantoms
  A sky beast (D:5)
  An ogre (D:6)
  A black bear (D:9)
  3 centaurs
  2 crocodiles (D:9)
  2 bullfrogs (D:8)
  A big kobold (D:9)
  A water moccasin skeleton (D:5)
  A wight (D:7)
  4 crimson imps
  A jelly (D:5)
  A hound (D:8)
  2 centaur skeletons
  2 iguanas (D:9)
  2 orc wizards (D:7)
  2 worker ants (D:7)
  2 hound zombies
  A hound skeleton (D:7)
  2 adders
  9 gnolls
  A shadow imp (D:8)
  An ooze (D:4)
  2 worms
  8 orcs
  2 bats (D:3)
  4 hobgoblins
  3 jackals
  15 kobolds
  A bush (D:9)
  A butterfly (D:6)
  A fungus (D:9)
  10 plants (D:9)
116 creatures vanquished.

Vanquished Creatures (others)
  3 skeletal warriors (D:10)
  2 vampires (D:10)
  2 flying skulls (D:10)
  A wraith (D:5)
  3 wights
  6 mummies
  A fungus (D:9)
  A plant (D:9)
19 creatures vanquished.

Grand Total: 306 creatures vanquished

Notes
Turn   | Place    | Note
-------+----------+-------------------------------------------
     0 | D:1      | Mrkan the Troll Monk began the quest for the Orb.
     0 | D:1      | Reached XP level 1. HP: 22/22 MP: 1/1
     6 | D:1      | Noticed an electric eel
   214 | D:1      | Reached XP level 2. HP: 26/29 MP: 2/2
   763 | D:2      | Found a shattered altar of Ashenzari.
   845 | D:2      | Reached XP level 3. HP: 35/36 MP: 3/3
   914 | D:2      | Found a basalt altar of Yredelemnul.
   922 | D:2      | Became a worshipper of Yredelemnul the Dark
   922 | D:2      | Reached * piety under Yredelemnul
   922 | D:2      | Reached ** piety under Yredelemnul
  1332 | D:3      | Noticed an ogre
  1341 | D:3      | Killed an ogre
  1341 | D:3      | Gained mutation: Your natural rate of healing is unusually
                  | fast. [Troll growth]
  1341 | D:3      | Reached XP level 4. HP: 27/45 MP: 2/4
  1514 | D:3      | Reached skill level 5 in Unarmed Combat
  1514 | D:3      | Reached XP level 5. HP: 46/53 MP: 3/5
  1543 | D:3      | Reached *** piety under Yredelemnul
  1614 | D:3      | Found a stormy altar of Qazlal.
  2118 | D:4      | Found a corrupted altar of Lugonu.
  2184 | D:4      | Reached XP level 6. HP: 60/62 MP: 6/6
  2234 | D:4      | Got a slimy trident
  2279 | D:4      | Noticed Edmund
  2293 | D:4      | Killed Edmund
  2485 | D:4      | Reached XP level 7. HP: 70/70 MP: 7/7
  2528 | D:4      | Noticed Blork the orc
  2536 | D:4      | Killed Blork the orc
  2622 | D:4      | Reached **** piety under Yredelemnul
  2741 | D:4      | Found a shadowy altar of Dithmenos.
  2850 | D:5      | Entered Level 5 of the Dungeon
  2921 | D:5      | Noticed Prince Ribbit
  2932 | D:5      | Killed Prince Ribbit
  2932 | D:5      | Reached skill level 5 in Fighting
  3019 | D:5      | Reached XP level 8. HP: 80/80 MP: 8/8
  3025 | D:5      | Reached skill level 3 in Invocations
  3076 | D:5      | Noticed Menkaure
  3080 | D:5      | Killed Menkaure
  3080 | D:5      | Reached skill level 4 in Invocations
  3123 | D:5      | Noticed a hornet
  3143 | D:5      | Killed a hornet
  3180 | D:5      | Found a burning altar of Makhleb.
  3180 | D:5      | Noticed a blizzard demon
  3252 | D:5      | Found a glowing silver altar of Zin.
  3292 | D:5      | Reached skill level 5 in Invocations
  3883 | D:6      | Got a steaming hand axe
  3921 | D:6      | Found a sparkling altar of Nemelex Xobeh.
  3997 | D:6      | Found Ymupt's Book Emporium.
  4004 | D:6      | Reached ***** piety under Yredelemnul
  4065 | D:6      | Reached skill level 6 in Invocations
  4089 | D:6      | Found a staircase to the Ecumenical Temple.
  4177 | D:6      | Noticed Sigmund
  4184 | D:6      | Killed Sigmund
  4184 | D:6      | Reached XP level 9. HP: 82/89 MP: 9/12
  4721 | D:7      | Found Wyherghysys's Serpentskin Sales.
  4787 | D:7      | Reached skill level 7 in Invocations
  4975 | D:7      | Reached skill level 8 in Invocations
  5312 | D:7      | Reached skill level 9 in Invocations
  5695 | D:8      | Noticed a troll
  5704 | D:8      | Killed a troll
  5721 | D:8      | Found a bloodstained altar of Trog.
  5726 | D:8      | Reached XP level 10. HP: 102/102 MP: 14/16
  6119 | D:8      | Reached skill level 10 in Invocations
  6354 | D:9      | Found a staircase to the Lair.
  6512 | D:9      | Found a snail-covered altar of Cheibriados.
  6512 | D:9      | Noticed a centaur warrior
  6520 | D:9      | Killed a centaur warrior
  6520 | D:9      | Reached skill level 11 in Invocations
  6641 | D:9      | Found Aschiyriy's Armour Shop.
  7251 | D:10     | Entered Level 10 of the Dungeon
  7409 | D:10     | Noticed a tengu warrior
  7411 | D:10     | Noticed a tengu warrior
  7416 | D:10     | Killed a tengu warrior
  7416 | D:10     | Reached XP level 11. HP: 101/113 MP: 14/18
  7424 | D:10     | Killed a tengu warrior
  7530 | D:10     | Reached skill level 12 in Invocations
  7609 | D:10     | HP: 2/113 [slime creature (5)]
  7609 | D:10     | Mangled by a large slime creature

Skill      XL: |  1  2  3  4  5  6  7  8  9 10 11 |
---------------+----------------------------------+-----
Unarmed Combat | 4 5 6 8 |  8.1
Fighting       | 3 4 5 6 7 8 |  8.9
Invocations    | 6 9 11 12 | 12.1
Dodging        | |  2.4
Stealth        | |  1.1

Action                   |  1- 3 |  4- 6 |  7- 9 | 10-12 || total
-------------------------+-------+-------+-------+-------++-------
Melee: Unarmed           |    92 |    91 |   265 |   160 ||   608
       Punch             |       |     3 |    12 |     1 ||    16
Invok: Recall Undead Sla |       |       |     1 |     1 ||     2
 Stab: Sleeping          |     2 |       |     4 |     1 ||     7
       Confused          |       |       |     1 |       ||     1
       Distracted        |       |       |     2 |     1 ||     3
  Eat: Chunk             |     7 |    12 |    22 |    11 ||    52
Armor: Skin              |    34 |    29 |    87 |    72 ||   222
Dodge: Dodged            |    39 |    53 |   106 |    56 ||   254
Block: Shield            |       |       |       |    48 ||    48
       Reflection        |       |       |       |     5 ||     5
